 Dungeon Crawl Stone Soup version 0.28-a0-1356-g2ad6d04315 (webtiles) character file.

Game seed: 16418301637782738823

317 Shayle the Grasshopper (level 6, -4/55 HPs)
             Began as a Naga Warper on Dec 30, 2021.
             Slain by an ice beast (10 damage)
             ... on level 4 of the Dungeon.
             The game lasted 00:13:52 (3141 turns).

Shayle the Grasshopper (Naga Warper)                Turns: 3141, Time: 00:13:53

Health: -4/55      AC:  4    Str: 13    XL:     6   Next: 45%
Magic:  10/10      EV:  9    Int: 14    God:
Gold:   151        SH:  0    Dex: 12    Spells: 11/11 levels left

rFire   + . .      SeeInvis +   l - +2 dagger (elec)
rCold   . . .      Faith    .   (no shield)
rNeg    . . .      Spirit   .   k - +0 ring mail
rPois   +          Reflect  .   (no helmet)
rElec   .          Harm     .   (no cloak)
rCorr   .          Rampage  .   (no gloves)
Will    .....                   (no barding)
Stlth   +.........              (no amulet)
HPRegen 0.18/turn               g - ring of protection from fire
MPRegen 0.12/turn               (no ring)

@: flying, very slow
A: AC +2, large, see invisible, deformed body, poison resistance, slowness 2,
spit poison 1, naga tail 1
a: Spit Poison


You were on level 4 of the Dungeon.
You visited 1 branch of the dungeon, and saw 4 of its levels.

You collected 151 gold pieces.

Inventory:

Hand Weapons
 a - a +0 short sword of venom
 l - a +2 dagger of electrocution (weapon)
 m - a +1 hand axe of electrocution
Missiles
 c - 3 boomerangs (quivered)
Armour
 b - a +0 leather armour
 k - a +0 ring mail (worn)
Jewellery
 g - a ring of protection from fire (left hand)
Scrolls
 d - 2 scrolls of identify
 h - a scroll of magic mapping
Potions
 e - a potion of mutation


   Skills:
 - Level 2.9 Fighting
 + Level 3.0 Short Blades
 - Level 2.3 Throwing
 - Level 1.8 Armour
 + Level 2.4 Dodging
 - Level 3.0 Spellcasting
 - Level 3.7 Translocations


You had 11 spell levels left.
You didn't know any spells.
Your spell library contained the following spells:

 Spells                   Type           Power      Damage    Failure   Level
 Blink                    Tloc           24%        N/A       14%         2
 Gell's Gravitas          Tloc           12%        N/A       28%         3
 Lesser Beckoning         Tloc           12%        N/A       28%         3
 Teleport Other           Tloc           12%        N/A       28%         3
 Dazzling Flash           Conj/Hex       4%         N/A       80%         3
 Iskenderun's Mystic Bla  Conj/Tloc      7%         2d4       91%         4
 Manifold Assault         Tloc           12%        N/A       95%         5
 Starburst                Conj/Fire      1%         6d3       100%        6


Dungeon Overview and Level Annotations

Branches:
Dungeon (4/15)
 Temple: D:4-7

Altars:
Gozag
Vehumet

Shops:
D:2 [:[   D:4 :

Annotations:
D:3 Grinder


Innate Abilities, Weirdness & Mutations

Your serpentine skin is tough. (AC +2)
You have supernaturally acute eyesight. (SInv)
Armour fits poorly on your strangely shaped body.
Your system is resistant to poisons. (rPois)
You cover ground very slowly.
You can spit poison.
You have a snake-like lower body.


Message History

Aiming: Spit Poison (1% risk of failure)
Press: ? - help, Shift-Dir - straight line, f - gnoll shaman
Aim: a gnoll shaman, wielding a +4 whip and wearing a +0 leather armour (moderately wounded)
The splash of poison misses the gnoll shaman.
The gnoll shaman mumbles some strange prayers to its god against you.
You easily resist.
Unknown command.
You hit the gnoll shaman but do no damage.
The gnoll shaman is moderately wounded.
The ice beast hits you. The ice beast freezes you!
The gnoll shaman hits you with a +4 whip.
Unknown command.
The ice beast barely misses you.
You barely miss the ice beast.
You have got your breath back.
It was a potion of flight.
You feel very buoyant.
You fly up into the air.
The ice beast closely misses you.
Okay, then.
Okay, then.
You don't know any spells.
Okay, then.
You hit the ice beast but do no damage.
The ice beast hits you but does no damage.
You hit the ice beast.
The ice beast is lightly wounded.
The ice beast completely misses you.
You closely miss the ice beast.
The ice beast is lightly wounded.
The ice beast hits you. The ice beast freezes you!
* * * LOW HITPOINT WARNING * * *
You hit the ice beast.
The ice beast is moderately wounded.
The ice beast closely misses you.
You hit the ice beast.
The ice beast is moderately wounded.
The ice beast hits you.
* * * LOW HITPOINT WARNING * * *
The ice beast freezes you!
You die...

##.####### #.......lK
#..####### #..##....##
..$. #..#Y.#.#.# .....
##...##K..# ......
#####lg#..........
##Y#####......
#.@....#......
##...........#
#####.......#.
#####..#..#.). ##......#
## #. ## #...##### .##..
#...#.####### .....
##.......#.#.###....
###.#.............†.....


You could see an ice beast, a gnoll shaman, an iguana and a kobold.

Vanquished Creatures
  A necrophage (D:4)
  An ogre (D:3)
  A hound (D:4)
  Jessica (D:2)
  A hound skeleton (D:4)
  2 adders (D:2)
  A worm (D:2)
  2 dart slugs (D:3)
  5 orcs (D:3)
  7 ball pythons
  A giant cockroach (D:2)
  6 goblins
  2 hobgoblins (D:1)
  3 jackals (D:3)
  4 quokkas
  4 bats
  5 frilled lizards
  3 kobolds
  3 rats
53 creatures vanquished.

Notes
Turn   | Place    | Note
-------+----------+-------------------------------------------
     0 | D:1      | Shayle the Naga Warper began the quest for the Orb.
     0 | D:1      | Reached XP level 1. HP: 19/19 MP: 3/3
   239 | D:1      | Noticed a golden eye
   240 | D:1      | Found a faded altar of an unknown god.
   243 | D:1      | Noticed a great orb of eyes
   243 | D:1      | Noticed a floating eye
   243 | D:1      | Noticed a shining eye
   473 | D:1      | Reached skill level 1 in Throwing
   528 | D:1      | Reached XP level 2. HP: 26/26 MP: 5/5
   798 | D:2      | Reached skill level 1 in Armour
   849 | D:2      | Found Caemnoet's Book Shop.
   932 | D:2      | Noticed Jessica
   942 | D:2      | Killed Jessica
   943 | D:2      | Reached XP level 3. HP: 30/32 MP: 6/6
   998 | D:2      | Found Unour's Antique Armour Boutique.
  1064 | D:2      | Found Puucwatzi's Antique Armour Emporium.
  1138 | D:2      | Reached XP level 4. HP: 36/40 MP: 7/7
  1939 | D:3      | Noticed Grinder
  2020 | D:3      | Found an opulent altar of Gozag.
  2155 | D:3      | Noticed an ogre
  2161 | D:3      | Killed an ogre
  2162 | D:3      | Reached XP level 5. HP: 46/46 MP: 7/9
  2241 | D:3      | Found a radiant altar of Vehumet.
  2406 | D:3      | Paralysed by Grinder for 6 turns
  2683 | D:4      | Found Totoh's Book Shop.
  2864 | D:4      | Noticed a necrophage
  2880 | D:4      | Killed a necrophage
  2881 | D:4      | Reached XP level 6. HP: 11/55 MP: 10/10
  3120 | D:4      | Noticed an ice beast
  3141 | D:4      | Slain by an ice beast

Illustrated notes

Levels and vault maps discovered:
D:1:      tarquinn_simple_flora_water_d, layout_basic,
          hellmonk_ecumenical_altar_watching_god
D:2:      layout_loops_ring, serial_shops, shop, shop, shop,
          kennysheep_generic_room_9, uniq_jessica
D:3:      layout_loops_ring, nicolae_vehumet_radiance, grunt_gozag_statues,
          uniq_grinder
D:4:      layout_cave_pools, serial_shops, nicolae_stop_n_shop_1,
          minmay_manual_monstrance, uniq_edmund

Skill      XL: |  1  2  3  4  5 |
---------------+----------------+-----
Throwing       | 1 2 |  2.3
Armour         | 1 |  1.8
Dodging        | 2 |  2.4
Short Blades   | 3 |  3.0
Spellcasting   | 3 |  3.0
Fighting       | |  2.9
Translocations | |  3.7

Action                   |  1- 3 |  4- 6 || total
-------------------------+-------+-------++-------
Melee: Short sword       |    42 |    29 ||    71
       Dagger            |       |    80 ||    80
Throw: Boomerang         |     5 |       ||     5
 Abil: Spit Poison       |    19 |    14 ||    33
  Use: Scroll            |     1 |     8 ||     9
       Potion            |     1 |     1 ||     2
Armor: Leather armour    |    15 |     7 ||    22
       Ring mail         |       |    39 ||    39
Dodge: Dodged            |    16 |    42 ||    58

Table legend: (Time is in decaauts)
 A = Elapsed time spent in this place.
 B = Non-inter-level travel time spent in this place.
 C = Inter-level travel time spent in this place.
 D = Time resting spent in this place.
 E = Time spent auto-exploring this place.
 F = Levels seen in this place.
 G = Mean time per level.
                   A        B        C        D        E       F      G
               +--------+--------+--------+--------+--------+-----+--------+
         Total |   3695 |   3647 |     48 |    570 |   2183 |   4 |  923.8 |
       Dungeon |   3695 |   3647 |     48 |    570 |   2183 |   4 |  923.8 |
               +--------+--------+--------+--------+--------+-----+--------+

Top non-repeatable levels by time:
     D:2: 1432 daAuts
     D:1: 892 daAuts
     D:3: 879 daAuts
     D:4: 490 daAuts
